 Dungeon Crawl Stone Soup version 0.30.0-10-gfe55d96785 (webtiles) character file.

Game seed: 18322873750068229410

59 CaptainMV the Grave Robber (level 3, -8/24 HPs)
             Began as a Demonspawn Necromancer on May 16, 2023.
             Mangled by a gnoll
             ... wielding a +0 halberd
              (12 damage)
             ... on level 2 of the Dungeon.
             The game lasted 00:11:32 (1185 turns).

CaptainMV the Grave Robber (Demonspawn Necromancer) Turns: 1185, Time: 00:11:32

Health: -8/24      AC:  4    Str:  8    XL:     3   Next: 78%
Magic:  0/6        EV: 12    Int: 18    God:
Gold:   73         SH:  0    Dex: 13    Spells: 6/7 levels left

rFire   + . .        a - staff of earth
rCold   . . .        (no shield)
rNeg    . . .        e - +2 robe {Will+}
rPois   .            (no helmet)
rElec   .            (no cloak)
rCorr   .            (no gloves)
SInv    .            (no boots)
Will    +....        (no amulet)
Stlth   ++           c - ring of protection from fire
HPRegen 0.24/turn    (no ring)
MPRegen 0.10/turn

%: no passive effects
@: no status effects
A: claws 1, sturdy frame 1
a: no special abilities


You were on level 2 of the Dungeon.
You visited 1 branch of the dungeon, and saw 2 of its levels.

You collected 73 gold pieces.

Inventory:

Armour
 e - a +2 robe of willpower (worn)
Magical Staves
 a - a staff of earth (weapon)
 f - a staff of fire
Jewellery
 c - a ring of protection from fire (left claw)
Potions
 b - a potion of magic
 d - 3 potions of resistance
 i - a potion of curing {unknown}


   Skills:
 + Level 0.2 Staves
 + Level 2.0 Dodging
 + Level 2.4 Stealth
 + Level 0.5 Unarmed Combat
 + Level 2.6 Spellcasting
 + Level 4.9 Necromancy


You had 6 spell levels left.
You knew the following spells:

 Your Spells              Type           Power      Damage    Failure   Level
a - Necrotise             Necr           80%        1d8       2%          1

Your spell library contained the following spells:

 Spells                   Type           Power      Damage    Failure   Level
 Vampiric Draining        Necr           20%        2d7       7%          3
 Animate Dead             Necr           20%        N/A       22%         4
 Agony                    Necr           20%        N/A       54%         5
 Petrify                  Tmut/Erth      3%         N/A       86%         4
 Metabolic Englaciation   Hex/Ice        1%         N/A       99%         5
 Statue Form              Tmut/Erth      2%         N/A       100%        6


Dungeon Overview and Level Annotations

Branches:
Dungeon (2/15)

Altars:


Innate Abilities, Weirdness & Mutations

You have sharp fingernails.
Your movements are slightly less encumbered by armour. (ER -2)


Message History

Aiming: Necrotise (safe; 2% risk of failure)
Press: ? - help, Shift-Dir - straight line, f/p - gnoll
Aim: a gnoll, wielding a +0 halberd (heavily wounded, chance to affect: 84%)
The gnoll writhes in agony.
The gnoll hits you from afar with a +0 halberd!
* * * LOW HITPOINT WARNING * * *
The gnoll closely misses you.
Casting: Necrotise (safe; 2% risk of failure)
Confirm with . or Enter, or press ? or * to list all spells.
Aiming: Necrotise (safe; 2% risk of failure)
Press: ? - help, Shift-Dir - straight line, f/p - gnoll
Aim: a gnoll, wielding a +0 halberd (severely wounded, chance to affect: 84%)
The gnoll writhes in agony.
The gnoll closely misses you.
Casting: Necrotise (safe; 2% risk of failure)
Confirm with . or Enter, or press ? or * to list all spells.
Aiming: Necrotise (safe; 2% risk of failure)
Press: ? - help, Shift-Dir - straight line, f/p - gnoll
Aim: a gnoll, wielding a +0 halberd (severely wounded, chance to affect: 84%)
The gnoll writhes in agony.
The gnoll closely misses you.
Casting: Necrotise (safe; 2% risk of failure)
Confirm with . or Enter, or press ? or * to list all spells.
Aiming: Necrotise (safe; 2% risk of failure)
Press: ? - help, Shift-Dir - straight line, f/p - gnoll
Aim: a gnoll, wielding a +0 halberd (severely wounded, chance to affect: 84%)
The gnoll barely resists.
The gnoll closely misses you.
Casting: Necrotise (safe; 2% risk of failure)
Confirm with . or Enter, or press ? or * to list all spells.
Aiming: Necrotise (safe; 2% risk of failure)
Press: ? - help, Shift-Dir - straight line, f - gnoll
Aim: a gnoll, wielding a +0 halberd (moderately wounded, chance to affect: 84%)
The gnoll writhes in agony.
The gnoll barely misses you.
The gnoll hits you from afar with a +0 halberd.
The gnoll hits you with a +0 halberd!
* * * LOW HITPOINT WARNING * * *
The gnoll misses you.
You hit the gnoll but do no damage.
The gnoll is heavily wounded.
The gnoll hits you with a +0 halberd!
Ouch! That really hurt!
You die...

### #.# #@# # #g#
#.#
#g########.####
#............. #
#.##.....#..# #
#.##.....#..# #
#.#.........## #
#.##.........#####
#.##..<...........


You could see 2 gnolls.

Vanquished Creatures
  A gnoll (D:2)
  An adder (D:2)
  2 dart slugs (D:1)
  2 endoplasms (D:1)
  3 giant cockroaches
  2 goblins
  4 hobgoblins
  2 jackals (D:2)
  3 quokkas (D:1)
  3 ball pythons
  4 bats
  2 frilled lizards (D:1)
  A kobold (D:2)
  4 rats (D:1)
34 creatures vanquished.

Vanquished Creatures (collateral kills)
  A jackal (D:2)
  A rat (D:1)
2 creatures vanquished.

Grand Total: 36 creatures vanquished

Notes
Turn   | Place    | Note
-------+----------+-------------------------------------------
     0 | D:1      | CaptainMV the Demonspawn Necromancer began the quest for
                  | the Orb.
     0 | D:1      | Reached XP level 1. HP: 13/13 MP: 3/3
   218 | D:1      | Gained mutation: You have sharp fingernails. [demonic
                  | ancestry]
   218 | D:1      | Reached XP level 2. HP: 11/19 MP: 1/5
   818 | D:2      | Gained mutation: Your movements are slightly less
                  | encumbered by armour. (ER -2) [demonic ancestry]
   818 | D:2      | Reached XP level 3. HP: 24/24 MP: 4/6
  1185 | D:2      | Mangled by a gnoll

Illustrated notes

Levels and vault maps discovered:
D:1:      dpeg_arrival_water_fire, layout_loops_ring, minmay_heptomino_d4
D:2:      layout_basic, minmay_door_square, minivault_26

Skill      XL: |  1  2 |
---------------+-------+-----
Stealth        | 2 |  2.4
Dodging        | 2 |  2.0
Staves         | |  0.2
Unarmed Combat | |  0.5
Spellcasting   | |  2.6
Necromancy     | |  4.9

Action                     || total
---------------------------++-------
  Melee: Unarmed           ||    18
         Staff             ||    40
   Cast: Necrotise         ||    56
    Use: Scroll            ||     4
 Armour: Robe              ||    12
  Dodge: Dodged            ||    56
